 Dungeon Crawl Stone Soup version 0.30.1-4-g462c640d31 (webtiles) character file.

Game seed: 13481400890086732696

245 Araneus the Insei (level 5, -2/41 HPs)
             Began as a Demonspawn Monk on Sept 1, 2023.
             Killed from afar by an orc wizard (4 damage)
             ... with a magic dart
             ... on level 4 of the Dungeon.
             The game lasted 00:13:55 (3237 turns).

Araneus the Insei (Demonspawn Monk)                 Turns: 3237, Time: 00:13:55

Health: -2/41      AC:  6    Str: 13    XL:     5   Next: 84%
Magic:  5/5        EV: 12    Int: 12    God:
Gold:   168        SH:  0    Dex: 15    Spells: 1/4 levels left

rFire   . .          .
                       - Unarmed
rCold   + + .        (no shield)
rNeg    . . .        c - +1 leather armour {rPois}
rPois   +            (helmet restricted)
rElec   .            m - scarf {+Inv}
rCorr   .            (no gloves)
SInv    .            n - +1 pair of boots
Will    .....        (no amulet)
Stlth   +            e - ring of protection from cold
HPRegen 0.26/turn    (no ring)
MPRegen 0.09/turn

%: no passive effects
@: confused
A: antennae 1, claws 1, demonic magic 1, cold resistance 1
a: Evoke Invisibility


You were on level 4 of the Dungeon.
You visited 1 branch of the dungeon, and saw 4 of its levels.

You collected 168 gold pieces.

Inventory:

Armour
 c - a +1 leather armour of poison resistance (worn)
 m - a scarf of invisibility (worn)
 n - a +1 pair of boots (worn)
Jewellery
 e - a ring of protection from cold (left claw)
Scrolls
 a - a scroll of fear {unknown}
 f - a scroll of magic mapping
 g - a scroll of identify
 h - a scroll of noise {unknown}
Potions
 b - a potion of ambrosia


   Skills:
 + Level 3.0 Fighting
 + Level 3.1 Dodging
 * Level 5.6 Unarmed Combat
 * Level 1.3 Evocations


You had one spell level left.
You knew the following spells:

 Your Spells              Type           Power      Damage    Failure   Level
a - Dazzling Flash        Conj/Hex       0%         N/A       77%         3

Your spell library contained the following spells:

 Spells                   Type           Power      Damage    Failure   Level
 Frozen Ramparts          Ice            0%         1d1       77%         3
 Volatile Blastmotes      Fire/Tloc      0%         2d10      77%         3
 Ice Form                 Ice/Tmut       0%         N/A       99%         4
 Iskenderun's Mystic Bla  Conj/Tloc      0%         2d3       99%         4
 Summon Ice Beast         Ice/Summ       0%         N/A       99%         4
 Starburst                Conj/Fire      0%         6d3       100%        6


Dungeon Overview and Level Annotations

Branches:
Dungeon (4/15)
 Temple: D:4-7

Altars:
Vehumet
Yredelemnul

Annotations:
D:3 3 runed translucent doors, gildax's ghost, amateur DjWn


Innate Abilities, Weirdness & Mutations

You have a pair of small antennae on your head.
You have sharp fingernails.
Spells you cast may paralyse adjacent enemies.
Your flesh is cold resistant. (rC+)


Message History

You miss the orc wizard.
The orc wizard is lightly wounded.
You hear some strange, mumbled words.
A magic dart appears from out of thin air!
The magic dart hits you.
The orc wizard hits you but does no damage.
The orc barely misses you.
Your magical effects are unravelling.
You feel magically purged.
You feel less confused. Something hits you but does no damage.
The orc wizard gestures wildly while chanting.
The orc wizard flickers and vanishes!
The orc hits you with a +0 morningstar.
You closely miss something.
Something hits you but does no damage. x2
The orc closely misses you.
You claw something!
Something hits you. x2; The orc completely misses you.
You closely miss something. You miss something. Something barely misses you.
Something hits you. The orc hits you with a +0 morningstar!
* * * LOW HITPOINT WARNING * * *
You feel much better. Something hits you.
Something hits you but does no damage. The orc misses you.
You closely miss the orc. Your claw misses the orc.
Something hits you but does no damage.
You hear some strange, mumbled words.
You are confused.
The orc hits you with a +0 morningstar.
You bump into the rock wall.
Something barely misses you. Something hits you. The orc barely misses you.
You miss something.
Something hits you but does no damage. x2
The orc hits you with a +0 morningstar!
* * * LOW HITPOINT WARNING * * *
You miss something.
Something hits you but does no damage. x2
The orc hits you but does no damage.
You're too confused to move!
Something hits you.
* * * LOW HITPOINT WARNING * * *
You hear some strange, mumbled words.
A magic dart appears from out of thin air!
The magic dart hits you.
You die...

#######
#########......
########.......#......
......+.......'......
....##.......#......
...##.......#######
#..##.......# #..
#{o##.......# #.# ..
#{@###....### #.#
...###..# #....# #.#
##......# #....# #..
........###....# ###
.......!.......#
##.#.#..###.####
#...#... ..#
#.###....... #.
##.......


You could see an orc.

Vanquished Creatures
  An ogre (D:3)
  A jelly (D:4)
  A sleepcap (D:4)
  3 adders (D:2)
  5 worms
  An orc (D:3)
  4 ball pythons
  11 bats
  6 endoplasms
  2 giant cockroaches
  3 goblins
  2 hobgoblins (D:1)
  6 jackals
  4 quokkas
  A frilled lizard (D:2)
  8 kobolds
  2 rats (D:1)
61 creatures vanquished.

Notes
Turn   | Place    | Note
-------+----------+-------------------------------------------
     0 | D:1      | Araneus the Demonspawn Monk began the quest for the Orb.
     0 | D:1      | Reached XP level 1. HP: 18/18 MP: 1/1
   253 | D:1      | Reached skill level 3 in Unarmed Combat
   421 | D:1      | Discovered your monstrous ancestry.
   421 | D:1      | Gained mutation: You have sharp fingernails. [demonic
                  | ancestry]
   421 | D:1      | Reached XP level 2. HP: 23/24 MP: 2/2
   908 | D:1      | Gained mutation: You have a pair of small antennae on your
                  | head. [demonic ancestry]
   908 | D:1      | Reached XP level 3. HP: 26/29 MP: 3/3
  1202 | D:2      | Reached skill level 4 in Unarmed Combat
  1614 | D:2      | Gained mutation: Spells you cast may paralyse adjacent
                  | enemies. [demonic ancestry]
  1614 | D:2      | Reached XP level 4. HP: 35/35 MP: 4/4
  1887 | D:2      | Learned a level 3 spell: Dazzling Flash
  1989 | D:3      | Noticed an ogre
  2136 | D:3      | Found a runed translucent gate.
  2137 | D:3      | Noticed gildax's ghost (amateur DjWn)
  2139 | D:3      | Found a runed translucent gate.
  2139 | D:3      | Found a runed translucent gate.
  2141 | D:3      | Noticed a kobold brigand
  2165 | D:3      | You fall into a shaft and drop 1 floor!
  2168 | D:4      | Found a basalt altar of Yredelemnul.
  2173 | D:4      | Found a radiant altar of Vehumet.
  2408 | D:3      | Gained mutation: Your flesh is cold resistant. (rC+)
                  | [potion of mutation]
  2408 | D:3      | Gained mutation: Your spells are a little harder to cast,
                  | but a little more powerful. [potion of mutation]
  2408 | D:3      | Lost mutation: Your spells are a little harder to cast, but
                  | a little more powerful. [potion of mutation]
  2418 | D:3      | Killed an ogre
  2419 | D:3      | Reached skill level 5 in Unarmed Combat
  2419 | D:3      | Reached skill level 1 in Evocations
  2419 | D:3      | Reached XP level 5. HP: 41/41 MP: 5/5
  3237 | D:4      | HP: 2/41 [something (2)]
  3237 | D:4      | Killed from afar by an orc wizard

Illustrated notes

Levels and vault maps discovered:
D:1:      elethiomel_arrival_infinity_welcomes_careful_drivers,
          layout_loops_ring, chequers_big_river
D:2:      layout_loops_ring
D:3:      layout_basic, gammafunk_ghost_nasty_kobolds, patterned_corridor
D:4:      layout_basic, grunt_temple_overflow_open

Skill      XL: |  1  2  3  4 |
---------------+-------------+-----
Unarmed Combat | 3 4 5 |  5.6
Dodging        | 3 |  3.1
Evocations     | 1 |  1.3
Fighting       | |  3.0

Action                     |  1- 3 |  4- 6 || total
---------------------------+-------+-------++-------
  Melee: Unarmed           |   130 |    88 ||   218
    Use: Potion            |       |     7 ||     7
         Scroll            |       |     7 ||     7
   Stab: Sleeping          |     1 |     1 ||     2
 Armour: Robe              |    22 |    11 ||    33
         Skin              |       |     1 ||     1
         Leather armour    |       |    20 ||    20
  Dodge: Dodged            |   101 |    69 ||   170
